 Dungeon Crawl Stone Soup version 0.23-a0-841-g41928f0 (webtiles) character file.

25 Atlas the Chiller (level 2, 0/19 HPs)
             Began as a Demonspawn Ice Elementalist on Jan 25, 2019.
             Slain by an adder (1 damage)
             ... on level 2 of the Dungeon.
             The game lasted 00:01:25 (827 turns).

Atlas the Chiller (Demonspawn Ice Elementalist)      Turns: 827, Time: 00:01:26

Health: 0/19       AC:  2    Str:  8    XL:     2   Next: 86%
Magic:  3/5        EV: 12    Int: 16    God:
Gold:   26         SH:  0    Dex: 13    Spells: 4/5 levels left

rFire    + . .     SeeInvis .   (no weapon)
rCold    . . .     Gourm    .   (no shield)
rNeg     . . .     Faith    .   a - +0 robe
rPois    .         Spirit   .   (no helmet)
rElec    .         Reflect  .   (no cloak)
rCorr    .         Harm     .   (no gloves)
MR       .....                  (no boots)
Stlth    ++........             (no amulet)
HPRegen  0.06/turn              (no ring)
MPRegen  0.09/turn              (no ring)

@: no status effects
A: fire resistance 1
a: no special abilities


You were on level 2 of the Dungeon.
You were not hungry.

You visited 1 branch of the dungeon, and saw 2 of its levels.

You collected 26 gold pieces.

Inventory:

Armour
 a - a +0 robe (worn)
Scrolls
 e - a scroll of identify {unknown}
 f - a scroll of magic mapping {unknown}
 h - a scroll of amnesia {unknown}
 i - a scroll of noise {unknown}
 l - a scroll of remove curse {unknown}
Potions
 b - a potion of haste {unknown}
 d - a potion of curing {unknown}
 g - 2 potions of lignification {unknown}
 j - a potion of might {unknown}
Comestibles
 c - 3 rations
 k - 4 chunks of flesh


   Skills:
 + Level 2.0 Dodging
 + Level 1.9 Stealth
 + Level 0.1 Unarmed Combat
 + Level 2.3 Spellcasting
   Level 1.0 Conjurations
 + Level 3.2 Ice Magic


You had 4 spell levels left.
You knew the following spells:

 Your Spells              Type           Power        Failure   Level  Hunger
a - Freeze                Ice            ##..         5%          1    #......

Your spell library contained the following spells:

 Spells                   Type           Power        Failure   Level  Hunger
 Throw Frost              Conj/Ice       #.....       13%         2    ###....
 Ozocubu's Armour         Chrm/Ice       #.......     30%         3    ###....
 Throw Icicle             Conj/Ice       #.......     63%         4    #####..
 Summon Ice Beast         Ice/Summ       #.......     71%         4    #####..


Dungeon Overview and Level Annotations

Branches:
Dungeon (2/15)

Altars:


Innate Abilities, Weirdness & Mutations

Your flesh is heat resistant. (rF+)


Message History

Found a naga barding.
A rat comes into view.
Casting: Freeze (safe; 5% risk of failure)
Confirm with . or Enter, or press ? or * to list all spells.
Aiming: Freeze (safe; 5% risk of failure)
Press: ? - help, Shift-Dir - straight line, f - adder
Aim: an adder You freeze the adder.
The adder is moderately wounded.
The adder bites you.
* * * LOW HITPOINT WARNING * * *
Casting: Freeze (safe; 5% risk of failure)
Confirm with . or Enter, or press ? or * to list all spells.
Aiming: Freeze (safe; 5% risk of failure)
Press: ? - help, Shift-Dir - straight line, f/p - adder
Aim: an adder (moderately wounded)
You freeze the adder.
The adder is severely wounded.
The adder bites you.
You die...

##.####.##...#.#
#..# #..
##....#.######
###w## .
.........## #.%#
##.........
##.## #.#####...
#...# #.# #
#.#...# #.#
#.###.S.# #.#
##S..###..[ #.#
#.@#...# #. #.#
#.####...# #.#
#..# #.. #.#
#.## . ##.# ..
...# #r# #### ..
###


You could see a worm, an adder and a rat.

Vanquished Creatures
  An adder (D:2)
  A giant cockroach (D:1)
  3 hobgoblins (D:1)
  A ball python (D:2)
  4 bats (D:1)
  A frilled lizard (D:1)
  A kobold (D:1)
  7 rats (D:1)
19 creatures vanquished.

Notes
Turn   | Place    | Note
-------+----------+-------------------------------------------
     0 | D:1      | Atlas the Demonspawn Ice Elementalist began the quest for
                  | the Orb.
     0 | D:1      | Reached XP level 1. HP: 13/13 MP: 3/3
   147 | D:1      | Reached skill level 3 in Ice Magic
   163 | D:1      | Gained mutation: Your flesh is heat resistant. (rF+)
                  | [demonic ancestry]
   163 | D:1      | Reached XP level 2. HP: 16/19 MP: 1/5
   827 | D:2      | Slain by an adder

Vault maps used:
D:1:      nicolae_arrival_memento_mori, minmay_misc_feat_columns
D:2:      minmay_skewed_foursquare, dancing_weapons_uskayaw, first_ration,
          nrook_uturn, minmay_unequal

Skill      XL: |  1  2 |
---------------+-------+-----
Ice Magic      | 3 |  3.2
Dodging        | 2 |  2.0
Stealth        | |  1.9
Unarmed Combat | |  0.1
Spellcasting   | |  2.3
Conjurations   | |  1.0

Action                   || total
-------------------------++-------
Melee: Unarmed           ||    19
 Cast: Freeze            ||    34
Armor: Robe              ||    10
Dodge: Dodged            ||    24

Table legend:
 A = Non-vault XP
 B = Vault XP
 C = Vault XP percentage of total XP
 D = Non-vault monster count
 E = Vault monster count
 F = Vault count percentage of total count
                 A         B        C        D         E       F
            +---------+---------+-------+---------+---------+-------
      Total |      37 |       0 |   0.0 |      19 |       0 |   0.0
            +---------+---------+-------+---------+---------+-------
        D:1 |      22 |       0 |   0.0 |      17 |       0 |   0.0
        D:2 |      15 |       0 |   0.0 |       2 |       0 |   0.0
            +---------+---------+-------+---------+---------+-------
